 Dungeon Crawl Stone Soup version 0.25.0-46-gbd7b0854d2 (webtiles) character file.

Game seed: 7294557307251635362

172 Milting the Changer (level 5, -5/33 HPs)
             Began as an Octopode Transmuter on July 13, 2020.
             Shot with an arrow by a centaur (14 damage)
             ... on level 4 of the Dungeon.
             The game lasted 00:11:59 (2472 turns).

Milting the Changer (Octopode Transmuter)           Turns: 2472, Time: 00:11:59

Health: -5/33      AC:  1    Str: 10    XL:     5   Next: 53%
Magic:  10/10      EV: 13    Int: 16    God:
Gold:   147        SH:  0    Dex: 12    Spells: 8/11 levels left

rFire    . . .     SeeInvis .     - Unarmed
rCold    . . .     Gourm    .   (no shield)
rNeg     . . .     Faith    .   (helmet restricted)
rPois    .         Spirit   .   q - amulet of regeneration
rElec    .         Reflect  .   (no ring)
rCorr    .         Harm     .   (no ring)
MR       .....                  (no ring)
Stlth    ++........             (no ring)
HPRegen  0.51/turn              (no ring)
MPRegen  0.12/turn              (no ring)
                                (no ring)
                                (no ring)

@: no status effects
A: almost no armour, stealthy swim, amphibious, 8 rings, constrict 8, camouflage
1, gelatinous body 1
a: no special abilities


You were on level 4 of the Dungeon.
You were not hungry.

You visited 1 branch of the dungeon, and saw 4 of its levels.

You collected 147 gold pieces.

Inventory:

Missiles
 a - 48 arrows
 g - 8 atropa-tipped darts (quivered)
 i - 207 stones
 k - 21 bolts
Jewellery
 q - an amulet of regeneration (around mantle)
 u - an uncursed ring of protection from cold {unknown}
Wands
 n - a wand of acid (9)
Scrolls
 b - 2 scrolls of enchant weapon {unknown}
 d - a scroll of teleportation {unknown}
 e - 3 scrolls of magic mapping {unknown}
 h - a scroll of immolation {unknown}
 l - 2 scrolls of remove curse {unknown}
 o - a scroll of noise {unknown}
 p - 2 scrolls of identify {unknown}
 r - 2 scrolls of enchant armour {unknown}
 s - a scroll of fog {unknown}
Potions
 j - a potion of flight {unknown}
 m - a potion of degeneration {unknown}
 t - a potion of resistance {unknown}
 v - a potion of curing {unknown}
Comestibles
 c - 8 rations
 f - 4 chunks of flesh


   Skills:
 - Level 1.0 Fighting
 - Level 2.0 Dodging
 - Level 3.0 Unarmed Combat
 * Level 3.9 Spellcasting
 * Level 4.1 Transmutations


You had 8 spell levels left.
You knew the following spells:

 Your Spells              Type           Power        Failure   Level  Hunger
a - Beastly Appendage     Tmut           ###...       3%          1    None
b - Sticks to Snakes      Tmut           ###.....     4%          2    ##.....

Your spell library contained the following spells:

 Spells                   Type           Power        Failure   Level  Hunger
 Spider Form              Tmut/Pois      #.........   22%         3    ###....
 Ice Form                 Ice/Tmut       #.......     58%         4    ####...
 Blade Hands              Tmut           ###.......   65%         5    ######.


Dungeon Overview and Level Annotations

Branches:
Dungeon (4/15)
 Temple: D:4-7

Altars:
Elyvilon

Annotations:
D:3 Sigmund
D:4 1 runed translucent door


Innate Abilities, Weirdness & Mutations

You cannot wear most types of armour.
You are very stealthy in the water. (Stealth+)
You are amphibious.
You can wear up to eight rings at the same time.
You can use your tentacles to constrict eight enemies at once.
Your skin changes colour to match your surroundings (Stealth+).
Your rubbery body absorbs attacks. (AC +1, EV +1)


Message History

c - 8 rations (gained 1)
g - 8 atropa-tipped darts (gained 1)
Found a stone staircase leading down.
A centaur comes into view.
The centaur shouts!
The centaur wields a +0 shortbow.
The centaur shoots an arrow.
The arrow hits you!
The centaur shoots an arrow.
The arrow barely misses you.
The centaur shoots an arrow.
The arrow hits you!
You see here an arrow.
The centaur shoots an arrow.
The arrow hits you!
* * * LOW HITPOINT WARNING * * *
Found 9 gold pieces.
The centaur shoots an arrow.
The arrow misses you.
You see here an arrow.
You see here 2 arrows.
There is a stone staircase leading down here.
The centaur shoots an arrow.
The arrow barely misses you.
The centaur shoots an arrow.
The arrow hits you!
You die...

$...#....#.##............##
....#....##..............#
#......................###
#......... #.........##
......$.. #.......###
#.......######.....##
#.......c##.#.....##
...#.##.(.......###
####(.@....# .##.###....(##
............##
#...#...#....# ##
######...# #####


You could see a centaur.

Vanquished Creatures
  A scorpion (D:2)
  Jessica (D:2)
  An iguana (D:4)
  An adder (D:2)
  2 worms (D:3)
  A dart slug (D:3)
  3 leopard geckos (D:3)
  3 orcs (D:4)
  6 goblins
  3 hobgoblins
  2 jackals (D:2)
  2 kobolds (D:1)
  2 quokkas (D:4)
  3 ball pythons
  8 bats
  13 frilled lizards
  5 rats
57 creatures vanquished.

Notes
Turn   | Place    | Note
-------+----------+-------------------------------------------
     0 | D:1      | Milting the Octopode Transmuter began the quest for the
                  | Orb.
     0 | D:1      | Reached XP level 1. HP: 13/13 MP: 3/3
   645 | D:1      | Reached XP level 2. HP: 18/18 MP: 5/5
   910 | D:2      | Noticed a scorpion
   932 | D:2      | Killed a scorpion
   932 | D:2      | Reached skill level 3 in Transmutations
   932 | D:2      | Reached XP level 3. HP: 2/23 MP: 5/7
   932 | D:2      | Reached XP level 4. HP: 3/28 MP: 5/8
  1124 | D:2      | Noticed Jessica
  1130 | D:2      | Killed Jessica
  1588 | D:3      | Learned a level 2 spell: Sticks to Snakes
  1731 | D:3      | Reached XP level 5. HP: 33/33 MP: 10/10
  2125 | D:3      | Noticed Sigmund
  2202 | D:4      | Reached skill level 4 in Transmutations
  2339 | D:4      | Found a runed translucent door.
  2340 | D:4      | Noticed an angel
  2344 | D:4      | Found a white marble altar of Elyvilon.
  2464 | D:4      | Noticed a centaur
  2472 | D:4      | Shot with an arrow by a centaur

Illustrated notes

Levels and vault maps discovered:
D:1:      minmay_arrival_four_circles, layout_loops_corners
D:2:      layout_rooms, uniq_jessica
D:3:      layout_basic, minmay_lizard_king, uniq_sigmund
D:4:      layout_cave_pools, first_ration, lemuel_angel_altar

Skill      XL: |  1  2  3  4  5 |
---------------+----------------+-----
Spellcasting   | 3 |  3.9
Transmutations | 3 4 |  4.1
Fighting       | |  1.0
Dodging        | |  2.0
Unarmed Combat | |  3.0

Action                   |  1- 3 |  4- 6 || total
-------------------------+-------+-------++-------
Melee: Unarmed           |    37 |    83 ||   120
       Constrict         |    13 |    23 ||    36
       Tentacles         |     5 |    15 ||    20
       Kick              |       |     6 ||     6
Throw: Dart              |     7 |    22 ||    29
       Stone             |       |     2 ||     2
 Cast: Beastly Appendage |     1 |     3 ||     4
       Sticks to Snakes  |       |     3 ||     3
  Use: Potion            |       |     2 ||     2
 Stab: Sleeping          |     2 |     3 ||     5
       Invisible         |       |     1 ||     1
  Eat: Chunk             |       |     5 ||     5
Armor: Skin              |     2 |     4 ||     6
Dodge: Dodged            |    27 |    41 ||    68
